 Dungeon Crawl Stone Soup version 0.27-a0-668-gb5737ff2c0 (webtiles) character file.

Game seed: 1020390564510820100

13367 robertstho the Severer (level 11, 0/101 HPs)
             Began as a Minotaur Berserker on Mar 17, 2021.
             Was a High Priest of Trog.
             Shot with an arrow by a centaur warrior (3 damage)
             ... on level 11 of the Dungeon.
             The game lasted 00:14:49 (13424 turns).

robertstho the Severer (Minotaur Berserker)        Turns: 13424, Time: 00:14:51

Health: 0/101      AC: 17    Str: 24    XL:     11   Next: 74%
Magic:  10/10      EV:  8    Int:  5    God:    Trog [*****.]
Gold:   432        SH:  5    Dex: 10    Spells: 10/10 levels left

rFire    + . .     SeeInvis .   L - +3 battleaxe
rCold    . . .     Faith    .   (shield currently unavailable)
rNeg     . . .     Spirit   .   q - +0 plate armour
rPois    +         Reflect  +   (helmet restricted)
rElec    .         Harm     .   (no cloak)
rCorr    .         Rampage  .   c - +0 pair of gloves
Will     ++...                  B - +0 pair of boots
Stlth    ..........             d - amulet of reflection
HPRegen  1.26/turn              z - ring of protection from fire
MPRegen  0.12/turn              u - ring of poison resistance

@: berserk cooldown, regenerating
A: horns 2, retaliatory headbutt
a: Renounce Religion, Berserk, Trog's Hand, Brothers in Arms


You were on level 11 of the Dungeon.
You worshipped Trog.
Trog was extremely pleased with you.
You visited 1 branch of the dungeon, and saw 11 of its levels.

You collected 432 gold pieces.

Inventory:

Hand Weapons
 l - a +1 vorpal hand axe
 o - a +2 flail of protection
 K - the +6 spear of a ziggurat {holy, rPois}
   (You found it on level 9 of the Dungeon)

   It has been blessed by the Shining One to cause great damage to the undead
   and demons.
   It protects you from poison.
 L - a +3 battleaxe (weapon)
Armour
 c - a +0 pair of gloves (worn)
 q - a +0 plate armour (worn)
 B - a +0 pair of boots (worn)
Jewellery
 d - an amulet of reflection (around neck)
 i - a ring of protection from cold
 u - a ring of poison resistance (left hand)
 z - a ring of protection from fire (right hand)
 M - a ring of wizardry
Wands
 b - a wand of acid (19)
 t - a wand of paralysis (8)
 x - a wand of iceblast (19)
Scrolls
 g - 2 scrolls of enchant armour {unknown}
 j - 2 scrolls of teleportation
 k - 2 scrolls of immolation {unknown}
 n - 3 scrolls of magic mapping {unknown}
 r - a scroll of random uselessness {unknown}
 v - 3 scrolls of enchant weapon {unknown}
 y - 2 scrolls of fog {unknown}
 A - 2 scrolls of acquirement {unknown}
 C - a scroll of fear {unknown}
 D - 2 scrolls of torment {unknown}
 E - a scroll of vulnerability {unknown}
 G - 2 scrolls of noise {unknown}
 H - a scroll of summoning {unknown}
 I - a scroll of identify
 J - a scroll of amnesia {unknown}
Potions
 a - 4 potions of cancellation
 e - 8 potions of curing
 f - a potion of resistance
 h - 2 potions of heal wounds
 m - 2 potions of brilliance {unknown}
 p - 3 potions of might {unknown}
 s - 5 potions of haste
 w - a potion of ambrosia
 F - 3 potions of lignification


   Skills:
 + Level 10.8 Fighting
 + Level 15.1 Axes
 + Level 10.5 Armour
 + Level 4.9 Dodging
 + Level 2.2 Stealth
 + Level 5.3 Shields


You had 10 spell levels left.
You didn't know any spells.
Your spell library was empty.

Dungeon Overview and Level Annotations

Branches:
Dungeon (11/15)            Temple (0/1) D:4
   Lair: D:8-11         Orc: D:9-12

Altars:
Sif Muna


Innate Abilities, Weirdness & Mutations

You have a pair of horns on your head.
You reflexively headbutt those who attack you in melee.


Message History

You feel sick.
The gargoyle hurls a stone arrow at you.
The stone arrow misses you.
Your skin crawls.
You feel strong-willed. The gargoyle hits you with a +0 mace.
* * * LOW HITPOINT WARNING * * *
You block the gargoyle's attack.
You hit the gargoyle but do no damage. You block the gargoyle's attack.
You hit the gargoyle. Your headbutt misses the gargoyle.
The gargoyle is lightly damaged.
You feel sick. The gargoyle hits you with a +0 mace.
* * * LOW HITPOINT WARNING * * *
The gargoyle hits you but does no damage.
You slash the gargoyle!
The gargoyle is heavily damaged.
The gargoyle hits you with a +0 mace!
* * * LOW HITPOINT WARNING * * *
You feel much better.
You feel sick. The gargoyle closely misses you.
The gargoyle hits you with a +0 mace.
You slice the gargoyle!!
You destroy the gargoyle!
Trog accepts your kill.
You see here a +0 mace.
You feel sick.
You are no longer poisoned.
A killer bee comes into view.
You feel yourself speed up.
The killer bee buzzes angrily.
The centaur warrior shouts!
You hear an angry buzzing noise.
The centaur warrior wields a +2 longbow of flaming.
It bursts into flame!
The centaur warrior shoots an arrow.
The arrow hits you!!
* * * LOW HITPOINT WARNING * * *
The arrow burns you.
* * * LOW HITPOINT WARNING * * *
A killer bee comes into view.
The centaur warrior shoots an arrow.
The arrow hits you!
* * * LOW HITPOINT WARNING * * *
The arrow burns you.
You die...

......#######.....###
.....####............
....####.....#####...
..### #.......# ..
.## ##.....##### . ##
##....)†..## . #
#####)†...## ..
#...†...# .#.
###..†@.#####....
..............#
...c.#####.....#
..?.. #..y#...# .....
##.....## #....
##....# ### #####y.
... # ..


You could see a centaur warrior and 2 killer bees.

Vanquished Creatures
  3 two-headed ogres (D:8)
  An unseen horror (D:10)
  A deep elf pyromancer (D:10)
  Pikel (D:6)
  4 large abominations (D:9)
  2 centaur zombies (D:10)
  Joseph (D:10)
  A gargoyle (D:11)
  A wraith (D:10)
  Edmund (D:4)
  Menkaure (D:7)
  An ice beast (D:5)
  3 sky beasts
  4 orc warriors
  3 necrophages (D:10)
  6 ogres
  7 centaurs
  2 phantoms
  2 kobold brigands
  Blork the orc (D:6)
  4 bullfrogs
  A wyvern zombie (D:10)
  5 scorpions
  6 small abominations (D:9)
  13 killer bees
  17 wights
  2 howler monkeys
  4 hounds
  3 quasits
  2 bullfrog zombies
  A bullfrog skeleton (D:9)
  2 centaur skeletons
  9 orc priests
  5 jellies
  3 iguanas
  25 orc wizards
  3 worker ants
  A killer bee zombie (D:9)
  2 hound zombies (D:10)
  A hound skeleton (D:8)
  A mummy (D:10)
  A worker ant zombie (D:6)
  Robin (D:3)
  17 adders
  6 gnolls
  A howler monkey skeleton (D:8)
  2 white imps
  3 ufetubi
  2 oozes
  2 adder skeletons
  3 adder zombies
  2 worms (D:5)
  3 leopard geckos
  48 orcs
  4 giant cockroaches
  13 goblins
  5 hobgoblins
  9 jackals
  2 quokkas
  3 ball pythons
  A bat (D:2)
  3 frilled lizards
  11 kobolds
  7 rats
305 creatures vanquished.

Vanquished Creatures (others)
  A wizard (D:9)
  15 plants (D:2)
  5 withered plants (D:10)
21 creatures vanquished.

Grand Total: 326 creatures vanquished

Notes
Turn   | Place    | Note
-------+----------+-------------------------------------------
     0 | D:1      | robertstho the Minotaur Berserker began the quest for the
                  | Orb.
     0 | D:1      | Reached XP level 1. HP: 19/19 MP: 0/0
   722 | D:1      | Reached XP level 2. HP: 27/27 MP: 1/1
  1382 | D:2      | Reached skill level 4 in Axes
  1782 | D:2      | Reached XP level 3. HP: 34/34 MP: 2/2
  2640 | D:3      | Reached XP level 4. HP: 18/41 MP: 3/3
  3414 | D:3      | Reached skill level 5 in Axes
  3579 | D:3      | Noticed Robin
  3593 | D:3      | Reached ** piety under Trog
  3595 | D:3      | Killed Robin
  3596 | D:3      | Reached skill level 5 in Fighting
  3601 | D:3      | Reached XP level 5. HP: 43/48 MP: 4/4
  3715 | D:4      | Reached skill level 1 in Stealth
  3780 | D:4      | Found a staircase to the Ecumenical Temple.
  3786 | D:4      | Reached XP level 6. HP: 42/56 MP: 5/5
  3986 | D:4      | Noticed Edmund
  3999 | D:4      | Killed Edmund
  4000 | D:4      | Reached skill level 6 in Axes
  4065 | D:4      | Reached skill level 1 in Shields
  4133 | D:4      | Reached XP level 7. HP: 62/62 MP: 6/6
  4141 | D:4      | Reached skill level 7 in Axes
  4401 | D:5      | Entered Level 5 of the Dungeon
  4543 | D:5      | Reached *** piety under Trog
  4995 | D:5      | You fall into a shaft and drop 3 floors!
  4998 | D:8      | Noticed a two-headed ogre
  5023 | D:8      | Killed a two-headed ogre
  5024 | D:8      | Reached skill level 9 in Axes
  5024 | D:8      | Reached skill level 5 in Armour
  5024 | D:8      | Reached XP level 8. HP: 61/71 MP: 7/7
  5338 | D:8      | Noticed a two-headed ogre
  5354 | D:8      | Killed a two-headed ogre
  5355 | D:8      | Reached skill level 10 in Axes
  5355 | D:8      | Reached XP level 9. HP: 27/80 MP: 8/8
  5991 | D:7      | Noticed Menkaure
  6003 | D:7      | Killed Menkaure
  6003 | D:7      | Reached **** piety under Trog
  6408 | D:6      | Noticed Blork the orc
  6418 | D:6      | Killed Blork the orc
  6427 | D:6      | Reached skill level 11 in Axes
  6633 | D:6      | Noticed Pikel
  6645 | D:6      | Killed Pikel
  6892 | D:6      | Reached XP level 10. HP: 90/90 MP: 9/9
  8188 | D:7      | Reached ***** piety under Trog
  8612 | D:7      | Reached skill level 12 in Axes
  8903 | D:8      | Found a shimmering blue altar of Sif Muna.
  9360 | D:8      | Noticed a two-headed ogre
  9366 | D:8      | Killed a two-headed ogre
  9938 | D:9      | Reached skill level 13 in Axes
 10315 | D:9      | Noticed a wizard
 10322 | D:9      | Killed a wizard
 10501 | D:9      | Noticed a large abomination
 10501 | D:9      | Noticed a large abomination
 10501 | D:9      | Noticed a large abomination
 10510 | D:9      | Killed a large abomination
 10512 | D:9      | Noticed a large abomination
 10518 | D:9      | Killed a large abomination
 10519 | D:9      | Reached skill level 10 in Fighting
 10519 | D:9      | Reached XP level 11. HP: 90/99 MP: 10/10
 10773 | D:9      | Killed a large abomination
 10774 | D:9      | Reached skill level 14 in Axes
 11254 | D:9      | Identified the +6 spear of a ziggurat {holy, rPois}
 11256 | D:9      | Identified the +0 ring mail of Indemnity {Str+6}
 11360 | D:10     | Entered Level 10 of the Dungeon
 11370 | D:10     | Noticed a deep elf pyromancer
 11385 | D:10     | Killed a deep elf pyromancer
 11718 | D:10     | Reached skill level 10 in Armour
 11740 | D:10     | Killed an unseen horror
 12081 | D:10     | Reached skill level 5 in Shields
 12381 | D:10     | Noticed Joseph
 12391 | D:10     | Killed Joseph
 12780 | D:10     | Reached ****** piety under Trog
 13379 | D:11     | Reached skill level 15 in Axes
 13383 | D:11     | Received a gift from Trog
 13406 | D:11     | Noticed a centaur warrior
 13424 | D:11     | HP: 3/101 [centaur warrior/arrow (13)]
 13424 | D:11     | Shot with an arrow by a centaur warrior

Illustrated notes

Levels and vault maps discovered:
D:1:      kilobyte_arrival_exit_the_forest, layout_loops_ring, feat_on_display
D:2:      layout_basic, serial_bayou, serial_bayou_lake_a, serial_bayou_shore_b,
          serial_bayou_ford_a, serial_bayou_pond_d
D:3:      layout_basic, solitary_fountain, uniq_robin
D:4:      layout_rooms, minmay_temple_entry_fiery, uniq_edmund
D:5:      layout_layer_cave
D:6:      layout_loops_ring, minmay_a_box_with_orc_wizards_in_it, uniq_pikel,
          uniq_blork_the_orc
D:7:      layout_loops_ring, uniq_menkaure
D:8:      layout_loops_ring, nicolae_sif_muna_condensation, grunt_ministairs_7,
          st_stairs_3
D:9:      layout_irregular_city, laboratory
D:10:     layout_stronghold, serial_undead, serial_undead_f, serial_undead_c,
          serial_undead_c, serial_undead_e, serial_undead_b, serial_undead_b,
          serial_undead_a, serial_undead_f, serial_undead_e, serial_undead_d,
          uniq_joseph
D:11:     regret_index_combs_of_tragedy, layout_irregular_city,
          lair_entry_dummy, uniq_maurice, uniq_snorg

Skill      XL: |  1  2  3  4  5  6  7  8  9 10 11 |
---------------+----------------------------------+-----
Fighting       | 4 5 6 7 8 10 | 10.8
Axes           | 4 5 6 9 10 11 13 15 | 15.1
Dodging        | 3 4 |  4.9
Stealth        | 1 2 |  2.2
Armour         | 3 5 7 8 9 10 | 10.5
Shields        | 1 2 4 5 |  5.3

Action                   |  1- 3 |  4- 6 |  7- 9 | 10-12 || total
-------------------------+-------+-------+-------+-------++-------
Melee: Hand axe          |    48 |    68 |   203 |       ||   319
       Headbutt          |     5 |     9 |    42 |    62 ||   118
       Battleaxe         |       |       |     1 |   405 ||   406
Invok: Berserk           |     1 |     4 |     4 |     8 ||    17
       Trog's Hand       |       |       |       |     1 ||     1
       Brothers in Arms  |       |       |       |     1 ||     1
  Use: Scroll            |       |     4 |       |     5 ||     9
       Potion            |       |       |       |     1 ||     1
Armor: Animal skin       |     2 |       |       |       ||     2
       Ring mail         |       |    16 |       |       ||    16
       Leather armour    |       |     1 |       |       ||     1
       Scale mail        |       |     2 |       |       ||     2
       Plate armour      |       |       |    82 |   222 ||   304
Dodge: Dodged            |    36 |    22 |    55 |   141 ||   254
Block: Other             |       |     7 |    24 |    96 ||   127
       Reflection        |       |       |     1 |     2 ||     3

Table legend: (Time is in decaauts)
 A = Elapsed time spent in this place.
 B = Non-inter-level travel time spent in this place.
 C = Inter-level travel time spent in this place.
 D = Time resting spent in this place.
 E = Time spent auto-exploring this place.
 F = Levels seen in this place.
 G = Mean time per level.
                   A        B        C        D        E       F      G
               +--------+--------+--------+--------+--------+-----+--------+
         Total |  13619 |  12988 |    631 |   1364 |  10015 |  11 | 1238.1 |
       Dungeon |  13619 |  12988 |    631 |   1364 |  10015 |  11 | 1238.1 |
               +--------+--------+--------+--------+--------+-----+--------+

Top non-repeatable levels by time:
     D:8: 2338 daAuts
    D:10: 1950 daAuts
     D:2: 1437 daAuts
     D:1: 1379 daAuts
     D:5: 1268 daAuts
     D:7: 1202 daAuts
     D:9: 1154 daAuts
     D:6: 991 daAuts
     D:3: 985 daAuts
     D:4: 776 daAuts
    D:11: 135 daAuts
